 Dungeon Crawl Stone Soup version 0.30-a0-883-g5ad918d77d (webtiles) character file.

Game seed: 17316004697916840415

625 jasper the Grave Robber (level 7, 0/52 HPs)
             Began as a Demonspawn Necromancer on Mar 16, 2023.
             Slain by a sky beast (5 damage)
             ... on level 5 of the Dungeon.
             The game lasted 00:08:18 (5047 turns).

jasper the Grave Robber (Demonspawn Necromancer)    Turns: 5047, Time: 00:08:18

Health: 0/52       AC:  3    Str:  8 (9)  XL:     7   Next: 23%
Magic:  0/10       EV: 13    Int: 16 (18) God:
Gold:   107        SH:  5    Dex: 12 (13) Spells: 2/10 levels left

rFire   . . .      SeeInvis .      - Unarmed
rCold   . . .      Faith    .    (no shield)
rNeg    . . .      Spirit   .    a - +0 robe
rPois   .          Reflect  +    (helmet restricted)
rElec   .          Rampage  .    u - +0 cloak
rCorr   .                        (no gloves)
Will    .....                    (no boots)
Stlth   ++                       d - amulet of reflection
HPRegen 0.28/turn                (no ring)
MPRegen 0.12/turn                (no ring)

@: flying
A: horns 2, demonic magic 2
a: no special abilities


You were on level 5 of the Dungeon.
You visited 1 branch of the dungeon, and saw 6 of its levels.

You collected 143 gold pieces.
You spent 36 gold pieces at shops.

Inventory:

Hand Weapons
 g - a +0 spear
Missiles
 k - 15 poisoned darts
 o - 4 boomerangs
 r - a throwing net
Armour
 a - a +0 robe (worn)
 f - a +0 leather armour of willpower
 u - a +0 cloak (worn)
Jewellery
 d - an amulet of reflection (around neck)
 l - an amulet of the acrobat
Scrolls
 c - 2 scrolls of identify {unknown}
 e - a scroll of torment {unknown}
 m - a scroll of enchant weapon {unknown}
 p - 3 scrolls of magic mapping
 q - a scroll of acquirement {unknown}
 s - a scroll of amnesia {unknown}
Potions
 i - a potion of berserk rage {unknown}
 j - 2 potions of degeneration
 t - a potion of attraction {unknown}


   Skills:
 + Level 3.1 Fighting
 + Level 3.5 Dodging
 - Level 1.7 Stealth
 * Level 4.2 Unarmed Combat
 - Level 2.0 Spellcasting
 - Level 6.0 Necromancy


You had 2 spell levels left.
You knew the following spells:

 Your Spells              Type           Power      Damage    Failure   Level
a - Necrotise             Necr           80%        1d8       1%          1
b - Vampiric Draining     Necr           20%        2d7       5%          3
c - Wereblood             Tmut           1%         N/A       30%         2
d - Sublimation of Blood  Necr           20%        N/A       2%          2

Your spell library contained the following spells:

 Spells                   Type           Power      Damage    Failure   Level
 Animate Dead             Necr           20%        N/A       17%         4
 Agony                    Necr           20%        N/A       43%         5
 Summon Hydra             Summ           0%         N/A       100%        7


Dungeon Overview and Level Annotations

Branches:
Dungeon (6/15)
 Temple: D:4-7

Altars:

Shops:
D:2 !


Innate Abilities, Weirdness & Mutations

You have a pair of horns on your head.
Spells you cast may paralyse nearby enemies.


Message History

Aim: a scorpion (heavily wounded, chance to affect: 81%)
The scorpion barely resists.
Malevolent energies surge around you. The scorpion stings you.
The scorpion barely misses you.
You take 5 damage, and have 20/52 hp.
You now have 0/10 mp.
You barely miss the scorpion.
The scorpion is heavily wounded.
The scorpion closely misses you.
You hit the scorpion. You headbutt the scorpion.
The scorpion is almost dead.
You block the scorpion's attack.
You hit the scorpion but do no damage. You headbutt the scorpion.
You kill the scorpion!
You see here a scorpion corpse.
You hit something. You headbutt something! Something barely misses you.
It was a potion of degeneration.
There was something very wrong with that liquid.
You feel weakened.
You feel dopey.
You feel clumsy. Something completely misses you.
You miss something. Your headbutt misses something. Something hits you.
Something shocks you.
* * * LOW HITPOINT WARNING * * *
You take 7 damage, and have 15/52 hp.
Casting: Necrotise (safe; 1% risk of failure)
Confirm with . or Enter, or press ? or * to list all spells.
Aiming: Necrotise (safe; 1% risk of failure)
Press: ? - help, Shift-Dir - straight line Something writhes in agony.
Malevolent energies surge around you. Something hits you.
* * * LOW HITPOINT WARNING * * *
Something shocks you.
* * * LOW HITPOINT WARNING * * *
You take 9 damage, and have 6/52 hp.
You now have 0/10 mp.
Okay, then.
Unknown command.
It was a potion of flight.
You feel very buoyant.
You fly up into the air.
Something hits you.
* * * LOW HITPOINT WARNING * * *
Something shocks you.
You die...

##.#.##.###....$.. ###.#.##
....... ## #.....# ......
#....... #. ##....# #....
##....... ###.##....## .... .
##.......
#.......#..###......##......!
. ##......#......##...........
..
#....@...##...#....##.....##..
###..#..#####@##........~.#...
#####..####{.#..###.##[.....
##.#.#...##.....#.......
#......................
#..#...#............#..
###.b##..##...#..........
##...###..#...##..#.......
#..@#####...#)............
#....#.#.........##.......


There were no monsters in sight!

Vanquished Creatures
  Eustachio (D:5)
  2 scorpions
  A jelly (D:5)
  2 hounds (D:5)
  2 sleepcaps
  An iguana (D:4)
  An orc wizard (D:4)
  7 adders
  A gnoll (D:3)
  5 dart slugs
  10 orcs
  6 ball pythons
  6 bats
  9 endoplasms
  4 giant cockroaches
  8 goblins
  13 hobgoblins
  8 kobolds
  5 quokkas
  A frilled lizard (D:3)
  2 rats (D:1)
95 creatures vanquished.

Vanquished Creatures (collateral kills)
  A ball python (D:1)
  An endoplasm (D:2)
2 creatures vanquished.

Grand Total: 97 creatures vanquished

Notes
Turn   | Place    | Note
-------+----------+-------------------------------------------
     0 | D:1      | jasper the Demonspawn Necromancer began the quest for the
                  | Orb.
     0 | D:1      | Reached XP level 1. HP: 13/13 MP: 3/3
   258 | D:1      | Gained mutation: You have a pair of small horns on your
                  | head. [demonic ancestry]
   258 | D:1      | Reached XP level 2. HP: 14/19 MP: 0/5
   403 | D:1      | Reached skill level 5 in Necromancy
   885 | D:1      | Gained mutation: Spells you cast may paralyse adjacent
                  | enemies. [demonic ancestry]
   885 | D:1      | Reached XP level 3. HP: 24/24 MP: 1/6
   889 | D:1      | Learned a level 3 spell: Vampiric Draining
  1839 | D:2      | Found a faded altar of an unknown god.
  1853 | D:2      | Found Tepro's Distillery.
  1861 | D:2      | Bought a potion of curing for 36 gold pieces
  1881 | D:2      | Reached skill level 6 in Necromancy
  1925 | D:2      | Reached XP level 4. HP: 28/31 MP: 1/7
  2488 | D:2      | Reached skill level 1 in Unarmed Combat
  2960 | D:3      | Noticed a scorpion
  2964 | D:3      | Killed a scorpion
  2965 | D:3      | Reached skill level 1 in Fighting
  2965 | D:3      | Gained mutation: Spells you cast may paralyse nearby
                  | enemies. [demonic ancestry]
  2965 | D:3      | Reached XP level 5. HP: 37/37 MP: 4/8
  3976 | D:4      | Reached XP level 6. HP: 17/44 MP: 0/9
  4566 | D:4      | You fall into a shaft and drop 2 floors!
  4609 | D:5      | Entered Level 5 of the Dungeon
  4744 | D:5      | Learned a level 2 spell: Wereblood
  4747 | D:5      | Learned a level 2 spell: Sublimation of Blood
  4791 | D:5      | Noticed Eustachio
  4845 | D:5      | Killed Eustachio
  4846 | D:5      | Gained mutation: You have a pair of horns on your head.
                  | [demonic ancestry]
  4846 | D:5      | Reached XP level 7. HP: 14/51 MP: 0/10
  5047 | D:5      | Slain by a sky beast

Illustrated notes

Levels and vault maps discovered:
D:1:      psy_arrival_fountain, layout_basic, minmay_hexomino_c4
D:2:      layout_loops_ring, serial_shops, shop, ebering_ecumenical_altar_rust,
          minivault_14
D:3:      layout_basic, minmay_liquid_box, minmay_tree_intersection,
          kennysheep_generic_room_14
D:4:      layout_basic, minmay_temple_entry_poolview
D:5:      layout_cave_pools, uniq_eustachio
D:6:      layout_basic, lemuel_crystal_altar, kennysheep_generic_room_4

Skill      XL: |  1  2  3  4  5  6  7 |
---------------+----------------------+-----
Necromancy     | 5 6 |  6.0
Dodging        | 2 3 |  3.5
Unarmed Combat | 1 2 3 4 |  4.2
Fighting       | 1 2 3 |  3.1
Stealth        | |  1.7
Spellcasting   | |  2.0

Action                     |  1- 3 |  4- 6 |  7- 9 || total
---------------------------+-------+-------+-------++-------
  Melee: Unarmed           |    17 |   140 |    22 ||   179
         Spear             |     6 |     6 |       ||    12
         Headbutt          |     3 |    29 |     7 ||    39
         Punch             |       |     3 |     1 ||     4
   Cast: Necrotise         |    61 |    68 |     5 ||   134
         Vampiric Draining |       |    23 |     3 ||    26
    Use: Scroll            |     1 |     1 |       ||     2
         Potion            |       |     2 |     3 ||     5
   Stab: Distracted        |     1 |       |       ||     1
         Paralysed         |       |    18 |     4 ||    22
 Armour: Robe              |    11 |    24 |     4 ||    39
  Dodge: Dodged            |    23 |    97 |    13 ||   133
  Block: Other             |     1 |    42 |     5 ||    48
         Reflection        |     1 |     1 |       ||     2

Table legend: (Time is in decaauts)
 A = Elapsed time spent in this place.
 B = Non-inter-level travel time spent in this place.
 C = Inter-level travel time spent in this place.
 D = Time resting spent in this place.
 E = Time spent auto-exploring this place.
 F = Levels seen in this place.
 G = Mean time per level.
                   A        B        C        D        E       F      G
               +--------+--------+--------+--------+--------+-----+--------+
         Total |   5038 |   4956 |     82 |    366 |   3840 |   6 |  839.7 |
       Dungeon |   5038 |   4956 |     82 |    366 |   3840 |   6 |  839.7 |
               +--------+--------+--------+--------+--------+-----+--------+

Top non-repeatable levels by time:
     D:1: 1622 daAuts
     D:4: 993 daAuts
     D:3: 974 daAuts
     D:2: 969 daAuts
     D:5: 434 daAuts
     D:6: 42 daAuts
